AoeStats
← ytmq

Arabia

510515616Analyzed
1v1 RM · 1d ago on Oct 1, 2026· 64m 34s· 2 players
Game mode
Random Map
Map size
Tiny (2 player)
Population
200
Speed
Normal
Resources
Standard
Victory
Conquest
Starting age
Dark Age
Ending age
Imperial Age
RankedLock teamsTeams togetherTeam positionsShared explorationLock speedFull tech treeHidden civsTurbo modeCheats
Victory
Defeat
🇪🇸 Spanish · Spain
997
+17
🇨🇳 Franks · China
1014
-17
Snake46
10:07 Feudal Age
8:47 Loom
20:39 Castle Age
19:04 Double-Bit Axe
19:01 Horse Collar
21:03 Bloodlines
21:11 Scale Barding Armor
24:34 Gold Mining
30:08 Chain Barding Armor
30:59 Wheelbarrow
34:37 Imperial Age
32:31 Bow Saw
32:37 Heavy Plow
32:39 Pikeman
34:08 Hand Cart
33:38 Town Watch
34:27 Husbandry
33:49 Light Cavalry
34:43 Halberdier
37:08 Chemistry
36:33 Ballistics
38:05 Two-Man Saw
39:14 Forging
39:09 Squires
42:48 Iron Casting
42:49 Plate Barding Armor
42:15 Padded Archer Armor
50:33 Blast Furnace
49:49 Leather Archer Armor
52:04 Hussar
52:04 Cavalier
57:03 Ring Archer Armor
56:24 Fletching
56:24 Paladin
ytmq
3:29 Loom
10:07 Feudal Age
10:34 Double-Bit Axe
19:24 Castle Age
20:50 Bow Saw
21:40 Forging
23:57 Husbandry
28:11 Wheelbarrow
27:23 Town Watch
31:56 Imperial Age
32:34 Scale Barding Armor
34:06 Chain Barding Armor
33:40 Gold Mining
35:00 Cavalier
36:38 Gold Shaft Mining
35:53 Stone Mining
39:19 Conscription
39:46 Plate Barding Armor
40:44 Elite Skirmisher
41:14 Light Cavalry
47:39 Fletching
47:50 Padded Archer Armor
49:58 Leather Archer Armor
49:39 Bodkin Arrow
56:51 Pikeman
Connection lost

Rejoining the realm…

Still unreachable

The connection could not be restored.

Session expired

The server has moved on; the page needs a fresh start.